 Dungeon Crawl Stone Soup version 0.29.1-12-g30fa7ad0bf (webtiles) character file.

Game seed: 7419511386991730927

79024 KittyFluff the Basher (level 15, -11/141 HPs)
             Began as a Gargoyle Berserker on Jan 3, 2023.
             Was a High Priest of Trog.
             Mangled by an enormous slime creature (67 damage)
             ... on level 14 of the Dungeon on Jan 4, 2023.
             The game lasted 03:04:18 (30518 turns).

KittyFluff the Basher (Gargoyle Berserker)         Turns: 30518, Time: 03:04:19

Health: -11/141    AC: 33    Str: 24    XL:     15   Next: 62%
Magic:  15/15      EV: 11    Int:  8    God:    Trog [*****.]
Gold:   1345       SH: 11    Dex: 13    Spells: 14/14 levels left

rFire   . . .      SeeInvis +   S - +3 morningstar (vorpal)
rCold   . . .      Faith    .   q - +0 buckler
rNeg    + . .      Spirit   .   g - +3 chain mail
rPois   ∞          Reflect  +   I - +2 hat "Ejat" {rCorr}
rElec   +          Harm     .   s - +0 cloak
rCorr   +          Rampage  .   U - +0 pair of gloves
Will    +....                   t - +0 pair of boots
Stlth   ..........              b - amulet of reflection
HPRegen 0.33/turn               Q - ring of see invisible
MPRegen 0.14/turn               (no ring)

@: berserking, flying, very quick
A: sickness immunity, AC +11, big wings, negative energy resistance 1,
electricity resistance, torment resistance 1, petrification resistance
a: Renounce Religion, Berserk, Trog's Hand, Brothers in Arms


You were on level 14 of the Dungeon.
You worshipped Trog.
Trog was extremely pleased with you.
You visited 4 branches of the dungeon, and saw 22 of its levels.
You also visited: Ossuary.

You collected 2203 gold pieces.
You spent 858 gold pieces at shops.

Inventory:

Hand Weapons
 u - the +9 whip "Waxirche" {vorpal, rC+ Int+2 Dex+3}
   (You found it on level 3 of the Dungeon)

   It inflicts extra damage upon your enemies.
   Int:       It affects your intelligence (+2).
   Dex:       It affects your dexterity (+3).
   rC:        It protects you from cold.
 v - a +4 sling of freezing
 S - a +3 vorpal morningstar (weapon)
 X - a +2 antimagic demon whip
Missiles
 c - 2 silver boomerangs (quivered)
 m - 16 poisoned darts
 G - 2 silver javelins
 J - 17 boomerangs
 N - 2 curare-tipped darts
Armour
 g - a +3 chain mail (worn)
 q - a +0 buckler (worn)
 r - a +2 chain mail of willpower
 s - a +0 cloak (worn)
 t - a +0 pair of boots (worn)
 I - the +2 hat "Ejat" (worn) {rCorr}
   (You found it on level 12 of the Dungeon)

   rCorr:     It protects you from acid and corrosion.
 K - the +0 ring mail of Remekete {Str+4}
   (You bought it in a shop on level 2 of the Orcish Mines)

   Str:       It affects your strength (+4).
 T - a +2 scale mail of cold resistance
 U - a +0 pair of gloves (worn)
 W - +0 acid dragon scales
Jewellery
 b - an amulet of reflection (around neck)
 k - a ring of fire
 Q - a ring of see invisible (left hand)
Wands
 a - a wand of quicksilver (4)
 y - a wand of flame (111)
 H - a wand of polymorph (20)
 M - a wand of paralysis (20)
 Y - a wand of roots (5)
 Z - a wand of mindburst (18)
Scrolls
 d - 2 scrolls of blinking
 f - 2 scrolls of torment
 h - 8 scrolls of teleportation
 i - 2 scrolls of fog
 l - 3 scrolls of poison
 o - 3 scrolls of enchant weapon
 A - 2 scrolls of fear
 C - 4 scrolls of silence
 L - 3 scrolls of immolation
 O - 3 scrolls of enchant armour
 P - a scroll of summoning
 V - 2 scrolls of magic mapping
Potions
 e - 10 potions of curing
 j - 6 potions of mutation
 p - 5 potions of haste
 x - 5 potions of might
 z - 3 potions of heal wounds
 B - 3 potions of ambrosia
 D - 3 potions of lignification
 E - a potion of resistance
 F - 3 potions of cancellation
 R - a potion of invisibility
Miscellaneous
 n - a phial of floods
 w - a tin of tremorstones (2/2)


   Skills:
 + Level 11.1 Fighting
 * Level 14.8 Maces & Flails
 * Level 11.4 Ranged Weapons
 + Level 1.1 Throwing
 * Level 12.5 Armour
 + Level 6.7 Dodging
 + Level 5.0 Stealth
 + Level 9.9 Shields
 + Level 6.6 Evocations


You had 14 spell levels left.
You didn't know any spells.
Your spell library contained the following spells:

 Spells                   Type           Power      Damage    Failure   Level
 Ensorcelled Hibernation  Hex/Ice        0%         N/A       98%         2
 Passwall                 Tmut/Erth      0%         N/A       98%         2
 Swiftness                Air            0%         N/A       100%        3


Dungeon Overview and Level Annotations

Branches:
Dungeon (14/15)            Temple (0/1) D:7            Lair (5/5) D:8
  Swamp (0/4) Lair:2       Spider (0/4) Lair:2        Slime (0/5) Lair:5
    Orc (2/2) D:9             Elf (1/3) Orc:2       Ossuary (visited)
 Vaults: D:13-14

Altars:
Okawaru
Ru
Wu Jian
Jiyva

Shops:
Orc:1 [   Orc:2 *([==

Annotations:
Orc:2 3 runed translucent doors, SirLogeyBear's ghost, journeyman HOBe


Innate Abilities, Weirdness & Mutations

You are immune to sickness and miasma.
Your stone body is resilient. (AC +11)
You are immune to poison.
Your large and strong wings let you fly.
You resist negative energy. (rN+)
You are resistant to electric shocks. (rElec)
You are resistant to unholy torment.
You are immune to petrification.


Message History

The very large slime creature is lightly wounded.
You impale the very large slime creature!!
The very large slime creature is moderately wounded.
The very large slime creature hits you.
You thump the very large slime creature!
The very large slime creature is moderately wounded.
The very large slime creature hits you!
You sock the very large slime creature!
The very large slime creature is heavily wounded.
Two slime creatures merge to form an enormous slime creature.
You puncture the enormous slime creature!
The enormous slime creature is heavily wounded.
You puncture the enormous slime creature!
The enormous slime creature is heavily wounded.
You impale the enormous slime creature!!
The enormous slime creature is heavily wounded.
The enormous slime creature hits you but does no damage.
You sock the enormous slime creature!
The enormous slime creature is severely wounded.
The enormous slime creature hits you!!
You puncture the enormous slime creature!
The enormous slime creature is severely wounded.
You barely miss the enormous slime creature.
The enormous slime creature is severely wounded.
The enormous slime creature barely misses you.
You puncture the enormous slime creature!
The enormous slime creature is severely wounded.
You block the enormous slime creature's attack.
You sock the enormous slime creature!
The enormous slime creature is severely wounded.
The enormous slime creature hits you!!
A red film seems to cover your vision as you go berserk!
You feel yourself moving faster!
You feel mighty! The enormous slime creature misses you.
You impale the enormous slime creature!!
The enormous slime creature is almost dead.
You barely miss the enormous slime creature.
The enormous slime creature is almost dead.
The enormous slime creature hits you!!!
You die...

#..##....##
#......##.###
.#####.....####(.#
#........####..###
#......####..##
#.JJ.#.#....##
#..# #...#...# #.
#J####..# #@#
##.### #.# ##..#
### ####


You could see an enormous slime creature.

Vanquished Creatures
  Kirke (Lair:3)
  The ghost of TheSexyCheese the Cleaver, a journeyman HOFi of Gozag (D:12)
  A stone giant (Orc:2)
  Nessos (Orc:2)
  3 ettins (Orc:2)
  A fire dragon (Lair:5)
  The ghost of Chadd the Spear-Bearer, a journeyman MiBe of Trog (D:10)
  Erolcha (Orc:1)
  A boulder beetle (Lair:5)
  13 hydras
  2 catoblepae
  The ghost of Uttea the Destroyer, a journeyman DgCj (Lair:1)
  3 centaur warriors
  3 death yaks
  2 two-headed ogres
  A sun demon (D:12)
  A sixfirhy (D:12)
  A swamp dragon (Lair:5)
  2 orc knights
  2 orc sorcerers
  A moth of wrath (shapeshifter) (D:14)
  A wolf spider (Lair:5)
  2 manticores
  An ugly thing (D:12)
  An oklob plant (Lair:4)
  14 cyclopes
  11 elephants
  A guardian serpent (Lair:4)
  A rust devil (D:12)
  17 cane toads
  2 gargoyles
  7 black mambas
  2 orange demons (D:12)
  A smoke demon (D:12)
  3 rime drakes
  An efreet (D:13)
  A torpor snail (Lair:3)
  13 komodo dragons
  An unseen horror (D:7)
  Psyche (D:11)
  A kobold demonologist (D:7)
  2 tengu conjurers
  4 hellwings (D:12)
  9 trolls
  5 hornets
  5 blink frogs
  Grinder (D:6)
  Prince Ribbit (D:8)
  4 slime creatures
  16 dream sheep
  4 culicivoras (Lair:2)
  A centaur simulacrum (D:10)
  A shadow (D:10)
  8 yaks
  10 wyverns
  5 hogs (Lair:3)
  2 ynoxinuls (D:12)
  3 wraiths
  An unseen horror simulacrum (D:10)
  3 redbacks (Lair:5)
  4 basilisks
  A chaos spawn (D:12)
  6 steam dragons
  8 vampire mosquitoes
  Menkaure (D:5)
  18 water moccasins
  5 wargs
  3 acid dragons
  2 sky beasts
  20 orc warriors
  7 ice beasts
  2 black bears
  7 wolves (Lair:5)
  6 ogres
  5 centaurs
  A phantom (D:6)
  4 kobold brigands
  An earth elemental (Elf:1)
  7 bullfrogs
  2 necrophages
  10 wights
  2 killer bees (D:8)
  A howler monkey (D:11)
  3 electric eels
  3 quasits (D:12)
  A hound (D:4)
  2 jellies
  14 orc priests
  A gnoll bouda (D:6)
  Terence (D:3)
  4 hell rats (D:8)
  Ijyb (D:5)
  6 iguanas
  17 orc wizards
  3 mummies (Ossuary)
  11 gnolls
  8 adders
  3 river rats (D:8)
  A shadow imp (D:8)
  3 white imps
  3 ufetubi
  2 adder zombies (Ossuary)
  A worm (D:4)
  4 dart slugs
  58 orcs
  8 ball pythons
  5 endoplasms
  2 giant cockroaches
  8 goblins
  3 hobgoblins
  12 jackals
  11 quokkas
  15 bats
  2 frilled lizards
  A gnoll zombie (Ossuary)
  3 goblin zombies (Ossuary)
  2 hobgoblin zombies (Ossuary)
  17 kobolds
  6 kobold zombies (Ossuary)
  3 quokka zombies (Ossuary)
  4 rats
  A rat zombie (Ossuary)
586 creatures vanquished.

Vanquished Creatures (others)
  A deep elf knight (Elf:1)
  A deep elf pyromancer (Elf:1)
  An iguana (Lair:5)
  56 fungi
  74 plants
133 creatures vanquished.

Grand Total: 719 creatures vanquished

Notes
Turn   | Place    | Note
-------+----------+-------------------------------------------
     0 | D:1      | KittyFluff the Gargoyle Berserker began the quest for the
                  | Orb.
     0 | D:1      | Reached XP level 1. HP: 14/14 MP: 1/1
   183 | D:1      | Reached XP level 2. HP: 11/19 MP: 2/2
   831 | D:1      | Reached XP level 3. HP: 23/23 MP: 3/3
  1631 | D:2      | Reached ** piety under Trog
  1673 | D:2      | Reached skill level 4 in Maces & Flails
  1673 | D:2      | Reached XP level 4. HP: 28/28 MP: 4/4
  2320 | D:3      | Identified the +9 whip "Waxirche" {vorpal, rC+ Int+2 Dex+3}
  2464 | D:3      | Reached XP level 5. HP: 30/33 MP: 5/5
  2679 | D:3      | Noticed Terence
  2687 | D:3      | Killed Terence
  2808 | D:3      | Reached skill level 5 in Maces & Flails
  3067 | D:3      | Reached XP level 6. HP: 38/38 MP: 6/6
  3334 | D:4      | Reached *** piety under Trog
  3552 | D:4      | Found a sand-covered staircase.
  3572 | Ossuary  | Entered an ossuary
  4331 | D:4      | Noticed a black bear
  4341 | D:4      | Killed a black bear
  4342 | D:4      | Reached skill level 6 in Maces & Flails
  4342 | D:4      | Reached skill level 1 in Ranged Weapons
  4342 | D:4      | Reached XP level 7. HP: 39/42 MP: 7/7
  4585 | D:5      | Entered Level 5 of the Dungeon
  4688 | D:5      | Noticed Ijyb
  4700 | D:5      | Killed Ijyb
  4711 | D:5      | Reached skill level 1 in Shields
  4781 | D:5      | Noticed Menkaure
  4791 | D:5      | Killed Menkaure
  4792 | D:5      | Reached skill level 1 in Stealth
  5033 | D:5      | Identified the +1 helmet of the Beginning {Int+5}
  5298 | D:5      | Reached XP level 8. HP: 48/48 MP: 8/8
  5322 | D:5      | Reached **** piety under Trog
  5593 | D:6      | Found an ornate altar of the Wu Jian Council.
  5654 | D:6      | Noticed Grinder
  5657 | D:6      | Paralysed by Grinder for 5 turns
  5667 | D:6      | Killed Grinder
  5668 | D:6      | Reached skill level 7 in Maces & Flails
  5668 | D:6      | Reached skill level 5 in Armour
  6205 | D:6      | Reached XP level 9. HP: 53/53 MP: 9/9
  6297 | D:7      | Found a staircase to the Ecumenical Temple.
  6315 | D:6      | Reached skill level 5 in Fighting
  6315 | D:6      | Reached skill level 8 in Maces & Flails
  6521 | D:7      | Reached skill level 5 in Ranged Weapons
  6523 | D:7      | Reached ***** piety under Trog
  6826 | D:7      | Noticed a kobold demonologist
  6835 | D:7      | Killed a kobold demonologist
  6852 | D:7      | Noticed a gargoyle
  6870 | D:7      | HP: 4/81 [something (8)]
  6871 | D:7      | Killed an unseen horror
  6890 | D:7      | Killed a gargoyle
  6891 | D:7      | Reached skill level 9 in Maces & Flails
  7252 | D:7      | Reached XP level 10. HP: 59/59 MP: 10/10
  7732 | D:8      | Found a staircase to the Lair.
  7818 | D:8      | Noticed a death yak
  7824 | D:8      | Noticed a death yak
  7825 | D:8      | Noticed a death yak
  7850 | D:7      | Killed a death yak
  7919 | D:8      | Killed a death yak
  7920 | D:8      | Reached skill level 10 in Maces & Flails
  7930 | D:8      | Killed a death yak
  8271 | D:8      | Received a gift from Trog
  8272 | D:8      | Reached skill level 5 in Shields
  8592 | D:8      | Noticed a two-headed ogre
  8621 | D:8      | Killed a two-headed ogre
  8622 | D:8      | Reached skill level 11 in Maces & Flails
  8622 | D:8      | Reached XP level 11. HP: 64/64 MP: 11/11
  9114 | D:9      | Noticed Prince Ribbit
  9131 | D:8      | Killed Prince Ribbit
  9409 | D:9      | Found a staircase to the Orcish Mines.
  9922 | D:9      | Noticed a centaur warrior
  9964 | D:9      | Killed a centaur warrior
 10055 | D:9      | Noticed a seven-headed hydra
 10075 | D:9      | Killed a seven-headed hydra
 10877 | D:10     | Entered Level 10 of the Dungeon
 11093 | D:10     | Found a sacrificial altar of Ru.
 11116 | D:10     | Found a runed translucent gate.
 11116 | D:10     | Found a runed translucent gate.
 11116 | D:10     | Found a runed translucent gate.
 11166 | D:10     | Noticed Chadd's ghost (journeyman MiBe)
 11608 | D:10     | Killed Chadd's ghost
 12087 | Lair:1   | Entered Level 1 of the Lair of Beasts
 12224 | Lair:1   | Reached XP level 12. HP: 41/72 MP: 12/12
 12368 | Lair:1   | Identified the +11 shortbow of Miewaorint {freeze, Contam
                  | rElec Will+}
 12371 | Lair:1   | Found a transporter.
 12404 | Lair:1   | Reached skill level 12 in Maces & Flails
 12404 | Lair:1   | Reached skill level 1 in Throwing
 12512 | Lair:1   | Noticed an eight-headed hydra
 12523 | Lair:1   | Killed an eight-headed hydra
 12620 | Lair:1   | Found a transporter.
 12623 | Lair:1   | Noticed Uttea's ghost (journeyman DgCj)
 12626 | Lair:1   | Noticed an eight-headed hydra
 12651 | Lair:1   | Noticed a four-headed hydra
 12661 | Lair:1   | Killed a four-headed hydra
 12909 | Lair:2   | Noticed an eight-headed hydra
 12919 | Lair:2   | Killed an eight-headed hydra
 13212 | Lair:2   | Reached skill level 1 in Evocations
 13359 | Lair:2   | Found a staircase to the Swamp.
 14188 | Lair:2   | Noticed a four-headed hydra
 14196 | Lair:2   | Killed a four-headed hydra
 14197 | Lair:2   | Reached skill level 10 in Armour
 14197 | Lair:2   | Reached skill level 5 in Dodging
 14295 | Lair:2   | Found a hole to the Spider Nest.
 14784 | Lair:3   | Reached XP level 13. HP: 78/78 MP: 13/13
 15377 | Lair:3   | Noticed Kirke
 15619 | Lair:3   | Noticed a sphinx
 15627 | Lair:3   | Paralysed by a sphinx for 3 turns
 15693 | Lair:3   | Killed Kirke
 17225 | Lair:5   | Entered Level 5 of the Lair of Beasts
 17243 | Lair:4   | Reached skill level 13 in Maces & Flails
 17689 | Lair:5   | Found a viscous altar of Jiyva.
 17689 | Lair:5   | Found a staircase to the Slime Pits.
 17702 | Lair:5   | Received a gift from Trog
 17773 | Lair:5   | Reached skill level 5 in Evocations
 18347 | Lair:5   | Gained mutation: Your large and strong wings let you fly.
                  | [Gargoyle growth]
 18347 | Lair:5   | Reached XP level 14. HP: 86/86 MP: 14/14
 19495 | Lair:5   | Reached skill level 10 in Ranged Weapons
 19887 | Lair:5   | Reached skill level 10 in Fighting
 21117 | Lair:1   | Killed Uttea's ghost
 21739 | D:11     | Noticed Psyche
 21748 | D:11     | Killed Psyche
 23382 | D:12     | Received a gift from Trog
 23582 | D:12     | Found a runed translucent gate.
 23582 | D:12     | Found a runed translucent gate.
 23586 | D:12     | Found a runed translucent gate.
 23589 | D:12     | Noticed TheSexyCheese's ghost (journeyman HOFi)
 23752 | D:13     | Reached skill level 14 in Maces & Flails
 24488 | D:13     | Reached XP level 15. HP: 93/93 MP: 5/15
 24870 | D:12     | Identified the +12 dagger "Ataof" {venom, rElec Int+3
                  | Stlth+}
 24979 | Orc:1    | Entered Level 1 of the Orcish Mines
 25037 | Orc:1    | Reached skill level 5 in Stealth
 25841 | Orc:1    | Found Cujiotsy's Armour Boutique.
 25998 | Orc:2    | Entered Level 2 of the Orcish Mines
 26349 | Orc:2    | Noticed Erolcha
 26476 | Orc:2    | Found Yzenaxt's Jewellery Shop.
 26492 | Orc:1    | Killed Erolcha
 26941 | Orc:2    | Found a staircase to the Elven Halls.
 27193 | Orc:2    | Found Rukiuv's Jewellery Shop.
 27288 | Orc:2    | Found Nogelar's Antique Armour Shoppe.
 27298 | Orc:2    | Noticed Nessos
 27636 | Orc:2    | Received a gift from Trog
 27675 | Orc:2    | Killed Nessos
 28009 | Orc:2    | Bought a faintly glowing ring mail for 243 gold pieces
 28009 | Orc:2    | Identified the +0 ring mail of Remekete {Str+4} (You bought
                  | it in a shop on level 2 of the Orcish Mines)
 28028 | Orc:2    | Found Gyqosy's Antique Weapon Shoppe.
 28105 | Orc:2    | Found Icvot's General Store.
 28150 | Orc:2    | Bought a scroll of silence for 171 gold pieces
 28150 | Orc:2    | Bought a +4 sling of freezing for 444 gold pieces
 28579 | Orc:2    | Noticed SirLogeyBear's ghost (journeyman HOBe)
 28646 | Orc:2    | Found a runed translucent gate.
 28646 | Orc:2    | Identified the +5 scale mail of the Spheres {Int+2 Slay+3
                  | Stlth+}
 28647 | Orc:2    | Found a runed translucent gate.
 28648 | Orc:2    | Found a runed translucent gate.
 28654 | Orc:2    | Found an iron altar of Okawaru.
 28772 | Elf:1    | Entered Level 1 of the Elven Halls
 29483 | D:12     | Killed TheSexyCheese's ghost
 29785 | D:12     | Identified the +2 hat "Ejat" {rCorr}
 30518 | D:14     | Mangled by an enormous slime creature

Illustrated notes

Levels and vault maps discovered:
D:1:      dpeg_arrival_arbitrary_a, layout_basic, minmay_splitting_lines,
          minmay_bisected
D:2:      layout_loops_ring
D:3:      layout_basic, uniq_terence
D:4:      layout_loops_corners, chequers_ossuary_entry_cave
D:5:      layout_loops_ring, uniq_ijyb, uniq_menkaure
D:6:      layout_basic, nicolae_wu_jian_immortal_techniques, uniq_grinder
D:7:      layout_rooms, minmay_temple_entry_offerings, kb_rosetta
D:8:      minmay_four_partial_circles, layout_gridville, dpeg_lair_monsters,
          dk_vineyard_3, nicolae_water_bricks
D:9:      layout_roguey, orc_0_dummy, grunt_ministairs_8,
          minmay_strange_pillars, minmay_radiant, uniq_prince_ribbit1
D:10:     layout_rooms, nicolae_ru_the_path_less_chosen, gammafunk_ghost_icy,
          hangedman_abyss_or_decor_lesser_grid
D:11:     layout_long_grid, uniq_psyche
D:12:     layout_cave_pools, biasface_ghost_orc_armoury, serial_demonic,
          serial_demonic_a, serial_demonic_f, serial_demonic_a,
          serial_demonic_d, serial_demonic_d, serial_demonic_d
D:13:     layout_basic
D:14:     layout_layer_cave, ximxim_vaults_locker_room, gammafunk_ghost_grave
Lair:1:   layout_misc_corridors, gammafunk_ghost_arena
Lair:2:   layout_long_grid, minmay_swamp_entry_eels,
          hellmonk_spider_entry_life_and_decay, lemuel_fruit_tree
Lair:3:   layout_layer_cave, roderic_batcave, chequers_serial_rivers_small_b,
          beast_lair_carwin_11, grunt_megastairs_1, infiniplex_staircase_pool_2,
          serial_bayou_shore_a, uniq_kirke
Lair:4:   layout_small_grid
Lair:5:   hangedman_lair_tendril_chambers, layout_loops_ring,
          guppyfry_lair_end_dragon, minmay_slime_entry_pillars
Orc:1:    layout_caves, serial_shops, shop
Orc:2:    grunt_orc_gardens, layout_caves, grunt_orc_garden, grunt_orc_garden,
          grunt_orc_garden, grunt_orc_garden, gammafunk_ghost_fury_of_okawaru,
          serial_shops, nicolae_shop_trees, uniq_erolcha, uniq_nessos
Elf:1:    layout_loops_ring, minmay_elf_annihilation

Skill      XL: |  1  2  3  4  5  6  7  8  9 10 11 12 13 14 15 |
---------------+----------------------------------------------+-----
Maces & Flails | 4 5 6 7 9 11 12 13 14 | 14.8
Armour         | 3 4 5 6 7 9 10 11 12 | 12.5
Dodging        | 2 3 4 5 6 |  6.7
Ranged Weapons | 1 3 4 5 6 7 9 10 11 | 11.4
Fighting       | 4 5 6 7 8 9 10 11 | 11.1
Shields        | 1 2 3 5 6 7 8 9 |  9.9
Stealth        | 1 2 3 4 5 |  5.0
Throwing       | 1 |  1.1
Evocations     | 3 5 6 |  6.6

Action                   |  1- 3 |  4- 6 |  7- 9 | 10-12 | 13-15 || total
-------------------------+-------+-------+-------+-------+-------++-------
Melee: Mace              |   135 |    33 |       |       |       ||   168
       Whip              |       |   143 |   168 |   617 |   892 ||  1820
       Morningstar       |       |       |       |       |   270 ||   270
       Demon whip        |       |       |       |       |   219 ||   219
 Fire: Sling             |       |    34 |    49 |   156 |   548 ||   787
Throw: Stone             |    11 |     1 |       |     9 |    13 ||    34
Invok: Berserk           |       |     1 |     1 |     9 |    20 ||    31
  Use: Scroll            |       |     6 |     6 |    10 |    13 ||    35
       Potion            |       |       |     1 |       |     1 ||     2
 Stab: Sleeping          |       |     1 |       |     2 |     2 ||     5
       Petrified         |       |       |       |       |     6 ||     6
Armor: Animal skin       |    57 |       |       |       |       ||    57
       Leather armour    |     9 |    35 |    58 |     3 |       ||   105
       Skin              |       |       |     9 |     1 |       ||    10
       Steam dragon scal |       |       |       |    31 |       ||    31
       Acid dragon scale |       |       |       |   137 |   446 ||   583
       Ring mail         |       |       |       |       |    28 ||    28
       Chain mail        |       |       |       |       |    21 ||    21
Dodge: Dodged            |   123 |    71 |    51 |   161 |   506 ||   912
Block: Buckler           |       |    36 |    68 |   208 |   599 ||   911
       Reflection        |       |     1 |     2 |    12 |    30 ||    45
